PBL
PALM BEACH NATIONALS @ MIAMI BEACH MARLINS
10/10/2047
 
TOP OF THE 1ST
Palm Beach Nationals batting - Pitching for Miami Beach Marlins : RHP Garr Lacey
Pitching: RHP Garr Lacey
Batting: LHB R.J. O'Brien 0-0: Ball
1-0: Called Strike
1-1: Fly out, F7 (Line Drive, 7, EV 92.5 MPH)
Batting: LHB Xavier Pittman 0-0: Ball
1-0: Called Strike
1-1: Called Strike
1-2: Ball
2-2: Strikes out swinging
Batting: RHB Chris Lee 0-0: Called Strike
0-1: Swinging Strike
0-2: Ground out 6-3 (Groundball, 56, EV 86.3 MPH)
Top of the 1st over - 0 runs, 0 hits, 0 errors, 0 left on base; Palm Beach 0 - Miami Beach 0
BOTTOM OF THE 1ST
Miami Beach Marlins batting - Pitching for Palm Beach Nationals : RHP Tony Gandara
Pitching: RHP Tony Gandara
Batting: LHB Mike Sammons 0-0: Ball
1-0: Called Strike
1-1: Foul Ball, location: 2F
1-2: SINGLE (Groundball, 4D, EV 94.4 MPH)
Batting: RHB Ethan Roberts 0-0: Called Strike
0-1: Ball
1-1: Ball
2-1: Ball
3-1: Foul Ball, location: 2F
3-2: Strikes out swinging
Batting: SHB Carlos Rodriguez 0-0: Ball
1-0: Called Strike
1-1: Ball
2-1: Foul Ball, location: 2F
2-2: Fielders Choice at 2nd, 4-6 (Groundball, 4D, EV 105.6 MPH)
Batting: SHB Bill Burd 0-0: Called Strike
Carlos Rodriguez steals 2nd base
0-1: Foul Ball, location: 2F
0-2: SINGLE (Groundball, 56D, EV 98.8 MPH)
Carlos Rodriguez to third
Runner from 3rd tries for Home, SAFE, throw by LF to home
Pitching: RHP Aaron Hauer
Batting: LHB Kyle Goodwin 0-0: Foul Ball, location: 2F
0-1: Foul Ball, location: 2F
0-2: Fly out, F6 (Popup, 6M, EV 62.5 MPH)
Bottom of the 1st over - 1 run, 2 hits, 0 errors, 1 left on base; Palm Beach 0 - Miami Beach 1
TOP OF THE 2ND
Palm Beach Nationals batting - Pitching for Miami Beach Marlins : RHP Garr Lacey
Batting: RHB Shunji Nakamura 0-0: Ball
1-0: Called Strike
1-1: Ball
2-1: Ball
3-1: Base on Balls
Batting: RHB Eric Cochran 0-0: Called Strike
0-1: Swinging Strike
0-2: Ball
1-2: Foul Ball, location: 2F
1-2: Ball
2-2: Ball
3-2: Strikes out swinging
Batting: RHB Jody Breese 0-0: Called Strike
0-1: Called Strike
0-2: Ball
1-2: Foul Ball, location: 2F
1-2: Ball
2-2: Ball
3-2: Strikes out swinging
Batting: RHB Tyler Young 0-0: Called Strike
0-1: Ground out 4-3 (Groundball, 34, EV 100.6 MPH)
Top of the 2nd over - 0 runs, 0 hits, 0 errors, 1 left on base; Palm Beach 0 - Miami Beach 1
BOTTOM OF THE 2ND
Miami Beach Marlins batting - Pitching for Palm Beach Nationals : RHP Aaron Hauer
Batting: RHB Mike Rickey 0-0: Called Strike
0-1: Called Strike
0-2: Ball
1-2: Ground out 4-3 (Groundball, 4, EV 89.4 MPH)
Batting: RHB Kenny Dickey 0-0: Ball
1-0: Swinging Strike
1-1: Ball
2-1: Ground out 6-3 (Groundball, 6, EV 83.8 MPH)
Batting: RHB Matt Heintz 0-0: Foul Ball, location: 2F
0-1: Ball
1-1: Foul Ball, location: 2F
1-2: Fly out, F8 (Flyball, 8RM, EV 97.5 MPH)
Bottom of the 2nd over - 0 runs, 0 hits, 0 errors, 0 left on base; Palm Beach 0 - Miami Beach 1
TOP OF THE 3RD
Palm Beach Nationals batting - Pitching for Miami Beach Marlins : RHP Garr Lacey
Batting: SHB Noah Cody 0-0: Ball
1-0: Foul Ball, location: 2F
1-1: Ground out 6-3 (Groundball, 6, EV 86.3 MPH)
Batting: RHB Aaron Hauer 0-0: Called Strike
0-1: Ball
1-1: Called Strike
1-2: Ball
2-2: Strikes out swinging
Batting: LHB R.J. O'Brien 0-0: Ground out 2-3 (Groundball, 15S, EV 68.8 MPH)
Top of the 3rd over - 0 runs, 0 hits, 0 errors, 0 left on base; Palm Beach 0 - Miami Beach 1
BOTTOM OF THE 3RD
Miami Beach Marlins batting - Pitching for Palm Beach Nationals : RHP Aaron Hauer
Batting: RHB Garr Lacey 0-0: Ball
1-0: Foul Ball, location: 2F
1-1: Called Strike
1-2: Ball
2-2: Strikes out looking
Batting: LHB Mike Sammons 0-0: Foul Ball, location: 2F
0-1: Foul Ball, location: 2F
0-2: Foul Ball, location: 2F
0-2: SINGLE (Line Drive, 56D, EV 94.4 MPH)
Batting: RHB Ethan Roberts 0-0: Ball
1-0: Ball
2-0: Foul Ball, location: 2F
2-1: SINGLE (Line Drive, 56, EV 99.4 MPH)
Mike Sammons to second
Batting: SHB Carlos Rodriguez 0-0: Called Strike
0-1: Ball
1-1: Foul Ball, location: 2F
1-2: Foul Ball, location: 2F
1-2: Ground out U3 (Groundball, 3S, EV 61.9 MPH)
Mike Sammons to third
Ethan Roberts to second
Batting: SHB Bill Burd 0-0: Called Strike
0-1: Ball
1-1: Ball
2-1: Ball
3-1: Called Strike
3-2: Fly out, F8 (Flyball, 78M, EV 93.1 MPH)
Bottom of the 3rd over - 0 runs, 2 hits, 0 errors, 2 left on base; Palm Beach 0 - Miami Beach 1
TOP OF THE 4TH
Palm Beach Nationals batting - Pitching for Miami Beach Marlins : RHP Garr Lacey
Batting: LHB Xavier Pittman 0-0: Called Strike
0-1: Swinging Strike
0-2: Ball
1-2: Fly out, F7 (Flyball, 7, EV 90.6 MPH)
Batting: RHB Chris Lee 0-0: SINGLE (Flyball, 7S, EV 95.0 MPH)
Batting: RHB Shunji Nakamura 0-0: Foul Ball, location: 2F
0-1: Called Strike
0-2: Strikes out swinging
Batting: RHB Eric Cochran 0-0: Called Strike
0-1: Foul Ball, location: 2F
0-2: Ball
1-2: Ground out 4-3 (Groundball, 4, EV 81.3 MPH)
Top of the 4th over - 0 runs, 1 hit, 0 errors, 1 left on base; Palm Beach 0 - Miami Beach 1
BOTTOM OF THE 4TH
Miami Beach Marlins batting - Pitching for Palm Beach Nationals : RHP Aaron Hauer
Batting: LHB Kyle Goodwin 0-0: Ball
1-0: Fly out, F9 (Flyball, 9, EV 96.9 MPH)
Batting: RHB Mike Rickey 0-0: Called Strike
0-1: Swinging Strike
0-2: Ball
1-2: Ball
2-2: Ball
3-2: Strikes out swinging
Batting: RHB Kenny Dickey 0-0: Ball
1-0: Swinging Strike
1-1: Ball
2-1: Ball
3-1: Foul Ball, location: 2F
3-2: Foul Ball, location: 2F
3-2: Strikes out looking
Bottom of the 4th over - 0 runs, 0 hits, 0 errors, 0 left on base; Palm Beach 0 - Miami Beach 1
TOP OF THE 5TH
Palm Beach Nationals batting - Pitching for Miami Beach Marlins : RHP Garr Lacey
Batting: RHB Jody Breese 0-0: Ball
1-0: Ball
2-0: Ball
3-0: Called Strike
3-1: Foul Ball, location: 2F
3-2: Base on Balls
Batting: RHB Tyler Young 0-0: Ball
Jody Breese steals 2nd base
1-0: Ball
2-0: Ground out 4-3 (Groundball, 4, EV 81.9 MPH)
Jody Breese to third
Batting: SHB Noah Cody 0-0: Called Strike
0-1: Ball
1-1: Ball
2-1: Foul Ball, location: 2F
2-2: Strikes out swinging
Batting: RHB Aaron Hauer 0-0: Ball
1-0: Called Strike
1-1: Swinging Strike
1-2: Strikes out swinging
Top of the 5th over - 0 runs, 0 hits, 0 errors, 1 left on base; Palm Beach 0 - Miami Beach 1
BOTTOM OF THE 5TH
Miami Beach Marlins batting - Pitching for Palm Beach Nationals : RHP Aaron Hauer
Batting: RHB Matt Heintz 0-0: Ball
1-0: Ground out 5-3 (Groundball, 5, EV 102.5 MPH)
Batting: RHB Garr Lacey 0-0: Called Strike
0-1: Foul Ball, location: 2F
0-2: Strikes out swinging
Batting: LHB Mike Sammons 0-0: Foul Ball, location: 2F
0-1: Ground out 1-3 (Groundball, 34S, EV 62.5 MPH)
Bottom of the 5th over - 0 runs, 0 hits, 0 errors, 0 left on base; Palm Beach 0 - Miami Beach 1
TOP OF THE 6TH
Palm Beach Nationals batting - Pitching for Miami Beach Marlins : RHP Garr Lacey
Batting: LHB R.J. O'Brien 0-0: Ball
1-0: Swinging Strike
1-1: Ball
2-1: SINGLE (Flyball, 8LS, EV 92.5 MPH)
Batting: LHB Xavier Pittman 0-0: Called Strike
0-1: Swinging Strike
0-2: Ball
1-2: Foul Ball, location: 2F
1-2: Fly out, F7 (Flyball, 7S, EV 83.8 MPH)
Batting: RHB Chris Lee 0-0: Called Strike
R.J. O'Brien steals 2nd base
0-1: Foul Ball, location: 2F
0-2: Ball
1-2: Fly out, F8 (Line Drive, 8LM, EV 91.3 MPH)
Batting: RHB Shunji Nakamura 0-0: Ball
1-0: Called Strike
1-1: Foul Ball, location: 2F
1-2: Foul Ball, location: 2F
1-2: Strikes out swinging
Top of the 6th over - 0 runs, 1 hit, 0 errors, 1 left on base; Palm Beach 0 - Miami Beach 1
BOTTOM OF THE 6TH
Miami Beach Marlins batting - Pitching for Palm Beach Nationals : RHP Aaron Hauer
Batting: RHB Ethan Roberts 0-0: Foul Ball, location: 2F
0-1: Ball
1-1: Foul Ball, location: 2F
1-2: Reached on error, E5 (Groundball, 5, EV 85.6 MPH)
Pitching: RHP Jeff Dorsey
Batting: SHB Carlos Rodriguez 0-0: Ball
1-0: Ball
2-0: Ball
3-0: Called Strike
3-1: Base on Balls
Ethan Roberts to second
Batting: SHB Bill Burd 0-0: Ball
1-0: Ball
2-0: Ball
3-0: Called Strike
3-1: Fielders Choice at 2nd, 4-6 (Groundball, 4S, EV 83.1 MPH)
Ethan Roberts to third
Batting: LHB Kyle Goodwin 0-0: Ball
1-0: Called Strike
1-1: Ball
2-1: Fielders Choice at 2nd, 4-6 (Groundball, 4, EV 81.3 MPH)
Ethan Roberts scores
Batting: RHB Mike Rickey 0-0: Ball
1-0: Fly out, F9 (Line Drive, 9, EV 110.6 MPH)
Bottom of the 6th over - 1 run, 0 hits, 1 error, 1 left on base; Palm Beach 0 - Miami Beach 2
TOP OF THE 7TH
Palm Beach Nationals batting - Pitching for Miami Beach Marlins : RHP Garr Lacey
Batting: RHB Eric Cochran 0-0: Called Strike
0-1: Ball
1-1: Called Strike
1-2: Ball
2-2: Ball
3-2: Fly out, F9 (Flyball, 9S, EV 89.4 MPH)
Batting: RHB Jody Breese 0-0: Foul Ball, location: 2F
0-1: Ball
1-1: Foul Ball, location: 2F
1-2: Foul Ball, location: 2F
1-2: SINGLE (Line Drive, 8RS, EV 97.5 MPH)
Batting: RHB Tyler Young 0-0: Called Strike
0-1: Ball
1-1: Foul Ball, location: 2F
1-2: Strikes out swinging
Batting: SHB Noah Cody 0-0: Ball
Pickoff Throw by Catcher to First - Out!
Top of the 7th over - 0 runs, 1 hit, 0 errors, 0 left on base; Palm Beach 0 - Miami Beach 2
BOTTOM OF THE 7TH
Miami Beach Marlins batting - Pitching for Palm Beach Nationals : RHP Jeff Dorsey
Batting: RHB Kenny Dickey 0-0: Foul Ball, location: 2F
0-1: SINGLE (Line Drive, 89S, EV 106.3 MPH)
Batting: RHB Matt Heintz 0-0: Ball
1-0: Sac Bunt to 2L - play at first, batter OUT! 2-3
Kenny Dickey to second
Batting: RHB Garr Lacey 0-0: Single, Error in OF, E9, batter to second base (Line Drive, 3, EV 96.9 MPH)
Kenny Dickey scores
Batting: LHB Mike Sammons 0-0: Ball
1-0: Foul Ball, location: 2F
1-1: DOUBLE (Flyball, 89XD, EV 110.0 MPH)
Garr Lacey scores
Batting: RHB Ethan Roberts 0-0: Called Strike
0-1: SINGLE (Flyball, 7S, EV 83.1 MPH)
Mike Sammons to third
Batting: SHB Carlos Rodriguez 0-0: Ball
1-0: Ball
2-0: Ball
3-0: Base on Balls
Ethan Roberts to second
Pitching: RHP Dave August
Batting: SHB Bill Burd 0-0: Ball
1-0: Fly out, F9 (Flyball, 9LMF, EV 106.9 MPH)
Runner from 3rd tags up, SCORES, no throw by RF
Batting: LHB Kyle Goodwin 0-0: Called Strike
0-1: Ball
1-1: DOUBLE (Line Drive, 7LS, EV 105.0 MPH)
Ethan Roberts scores
Carlos Rodriguez to third
Runner from 3rd tries for Home, SAFE, no throw by LF
Batting: RHB Mike Rickey 0-0: Ball
1-0: Reached on error, E5 (Groundball, 56S, EV 76.9 MPH)
Kyle Goodwin to third
Batting: RHB Kenny Dickey 0-0: Called Strike
0-1: 3-RUN HOME RUN (Flyball, 78XD, EV 113.1 MPH), Distance : 436 ft
Batting: RHB Matt Heintz 0-0: Ball
1-0: Ball
2-0: Fly out, F9 (Flyball, 89S, EV 93.1 MPH)
Bottom of the 7th over - 8 runs, 6 hits, 2 errors, 0 left on base; Palm Beach 0 - Miami Beach 10
TOP OF THE 8TH
Palm Beach Nationals batting - Pitching for Miami Beach Marlins : RHP Garr Lacey
Batting: SHB Noah Cody 0-0: Ball
1-0: Called Strike
1-1: Foul Ball, location: 2F
1-2: Strikes out looking
Batting: RHB Dave August 0-0: Ball
1-0: Called Strike
1-1: Called Strike
1-2: Strikes out swinging
Batting: LHB R.J. O'Brien 0-0: Ball
1-0: Ball
2-0: Foul Ball, location: 2F
2-1: Ball
3-1: Base on Balls
Batting: LHB Xavier Pittman 0-0: Reached on error, E7 (Flyball, 7S, EV 80.6 MPH)
R.J. O'Brien to third
Batting: RHB Chris Lee 0-0: Foul Ball, location: 2F
0-1: Ball
1-1: Foul Ball, location: 2F
1-2: Ball
2-2: Strikes out swinging
Top of the 8th over - 0 runs, 0 hits, 1 error, 2 left on base; Palm Beach 0 - Miami Beach 10
BOTTOM OF THE 8TH
Miami Beach Marlins batting - Pitching for Palm Beach Nationals : RHP Dave August
Pinch Hitting: LHB Bill Curtin 0-0: Called Strike
0-1: Ball
1-1: Ground out U3 (Groundball, 3, EV 103.8 MPH)
Batting: LHB Mike Sammons 0-0: Foul Ball, location: 2F
0-1: Ball
1-1: Foul Ball, location: 2F
1-2: SINGLE (Groundball, 4MD, EV 106.3 MPH)
Pinch Hitting: RHB Dusty Thompson 0-0: Called Strike
0-1: Fly out, F7 (Flyball, 7LS, EV 80.0 MPH)
Pinch Hitting: RHB Brian Wilkinson 0-0: Swinging Strike
0-1: Ground out 4-3 (Groundball, 4, EV 105.6 MPH)
Bottom of the 8th over - 0 runs, 1 hit, 0 errors, 1 left on base; Palm Beach 0 - Miami Beach 10
TOP OF THE 9TH
Palm Beach Nationals batting - Pitching for Miami Beach Marlins : RHP Garr Lacey
Pitching: RHP Hyoji Harada
Now in CF: Bill Curtin
Now in RF: Dusty Thompson
Batting: RHB Shunji Nakamura 0-0: Swinging Strike
0-1: Foul Ball, location: 2F
0-2: Strikes out swinging
Batting: RHB Eric Cochran 0-0: Foul Ball, location: 2F
0-1: Ball
1-1: Foul Ball, location: 2F
1-2: Ball
2-2: Strikes out swinging
Batting: RHB Jody Breese 0-0: Ball
1-0: Foul Ball, location: 2F
1-1: Ball
2-1: Foul Ball, location: 2F
2-2: Strikes out looking
Top of the 9th over - 0 runs, 0 hits, 0 errors, 0 left on base; Palm Beach 0 - Miami Beach 10
Thursday, December 15th , 2022 - OOTP Baseball 23.9 Build 102